3AAA
HAMILTON COYOTES @ FLORIDA MEN
09/12/2027
 
TOP OF THE 1ST
Hamilton Coyotes batting - Pitching for Florida Men : RHP Brian Scalabrine
Pitching: RHP Brian Scalabrine
Batting: RHB Alfredo Cardenas 0-0: SINGLE (Flyball, 9S)
Batting: RHB Vincente Fuentes 0-0: Ball
1-0: Fly out, F7 (Line Drive, 7)
Batting: SHB Martín Marrero 0-0: Ball
1-0: Called Strike
1-1: Ball
2-1: Ball
3-1: Base on Balls
Alfredo Cardenas to second
Batting: LHB Ruben Yim 0-0: Ball
1-0: Called Strike
Alfredo Cardenas steals 3rd base
Martín Marrero to second
1-1: Fly out, F9 (Flyball, 89M)
Runner from 3rd tags up, SCORES, no throw
Batting: RHB Monty Sharp 0-0: Called Strike
0-1: Called Strike
0-2: Ball
1-2: Foul Ball, location: 2F
1-2: Ground out 6-3 (Groundball, 6)
Top of the 1st over - 1 run(s), 1 hit(s), 0 error(s), 1 left on base; Hamilton 1 - Florida 0
BOTTOM OF THE 1ST
Florida Men batting - Pitching for Hamilton Coyotes : RHP Carlos Domínguez
Pitching: RHP Carlos Domínguez
Batting: SHB Luis Gutiérrez 0-0: Ball
1-0: Called Strike
1-1: Called Strike
1-2: Strikes out swinging
Batting: RHB Israel Sanders 0-0: Fly out, F5 (Popup, 5S)
Batting: RHB Al Thomas 0-0: Called Strike
0-1: Ball
1-1: Ball
2-1: Foul Ball, location: 2F
2-2: Foul Ball, location: 2F
2-2: Ball
3-2: Foul Ball, location: 2F
3-2: Base on Balls
Batting: LHB Bastyão Lizardo 0-0: Ball
1-0: Called Strike
1-1: Fielders Choice at 2nd, 6-4 (Groundball, 6)
Bottom of the 1st over - 0 run(s), 0 hit(s), 0 error(s), 0 left on base; Hamilton 1 - Florida 0
TOP OF THE 2ND
Hamilton Coyotes batting - Pitching for Florida Men : RHP Brian Scalabrine
Batting: LHB Manuel Sánchez 0-0: Ground out 6-3 (Groundball, 6)
Batting: RHB Jon Erickson 0-0: Swinging Strike
0-1: Ball
1-1: Called Strike
1-2: Ball
2-2: Ball
3-2: Ground out 6-3 (Groundball, 6)
Batting: RHB Henry Mann 0-0: Ball
1-0: Ball
2-0: Foul Ball, location: 2F
2-1: Foul Ball, location: 2F
2-2: Ball
3-2: Base on Balls
Batting: RHB Rodrigo Pagán 0-0: Swinging Strike
Throwing error on steal attempt, E2
Henry Mann to third
0-1: Ball
1-1: Ball
2-1: Ball
3-1: TRIPLE (Flyball, 78D)
Henry Mann scores
Batting: RHB Alfredo Cardenas 0-0: Ball
1-0: Ground out 6-3 (Groundball, 6)
Top of the 2nd over - 1 run(s), 1 hit(s), 1 error(s), 1 left on base; Hamilton 2 - Florida 0
BOTTOM OF THE 2ND
Florida Men batting - Pitching for Hamilton Coyotes : RHP Carlos Domínguez
Batting: RHB Gilberto Patino 0-0: Called Strike
0-1: Foul Ball, location: 2F
0-2: Ball
1-2: Foul Ball, location: 2F
1-2: Ball
2-2: Strikes out looking
Batting: RHB Lorenzo Díaz 0-0: SINGLE (Groundball, 4MD)
Batting: RHB Jim Unknown 0-0: Foul Ball, location: 2F
0-1: Ball
1-1: Swinging Strike
1-2: Ball
2-2: Foul Ball, location: 2F
2-2: Ball
3-2: Base on Balls
Lorenzo Díaz to second
Batting: RHB Mesa Altuve 0-0: Ball
1-0: 3-RUN HOME RUN (Flyball, 7LD), Distance : 355 ft
Batting: LHB Jim Unknown 0-0: Ball
1-0: Swinging Strike
1-1: Ball
2-1: Ground out 4-3 (Groundball, 4M)
Batting: SHB Luis Gutiérrez 0-0: Foul Ball, location: 2F
0-1: Foul Ball, location: 2F
0-2: Strikes out swinging
Bottom of the 2nd over - 3 run(s), 2 hit(s), 0 error(s), 0 left on base; Hamilton 2 - Florida 3
TOP OF THE 3RD
Hamilton Coyotes batting - Pitching for Florida Men : RHP Brian Scalabrine
Batting: RHB Vincente Fuentes 0-0: Ball
1-0: Ball
2-0: Ground out 2-3 (Groundball, 15S)
Batting: SHB Martín Marrero 0-0: Foul Ball, location: 2F
0-1: Ball
1-1: Foul Ball, location: 2F
1-2: Ball
2-2: Ball
3-2: Base on Balls
Batting: LHB Ruben Yim 0-0: Called Strike
0-1: Foul Ball, location: 2F
0-2: Strikes out looking
Batting: RHB Monty Sharp 0-0: Foul Ball, location: 2F
0-1: Ground out 3-1 (Groundball, 34)
Top of the 3rd over - 0 run(s), 0 hit(s), 0 error(s), 1 left on base; Hamilton 2 - Florida 3
BOTTOM OF THE 3RD
Florida Men batting - Pitching for Hamilton Coyotes : RHP Carlos Domínguez
Batting: RHB Israel Sanders 0-0: Fly out, F4 (Popup, 34D)
Batting: RHB Al Thomas 0-0: Fly out, F8 (Flyball, 8RXD)
Batting: LHB Bastyão Lizardo 0-0: Ground out U3 (Groundball, 34)
Bottom of the 3rd over - 0 run(s), 0 hit(s), 0 error(s), 0 left on base; Hamilton 2 - Florida 3
TOP OF THE 4TH
Hamilton Coyotes batting - Pitching for Florida Men : RHP Brian Scalabrine
Batting: LHB Manuel Sánchez 0-0: Called Strike
0-1: Swinging Strike
0-2: Ball
1-2: Strikes out looking
Batting: RHB Jon Erickson 0-0: Ball
1-0: Swinging Strike
1-1: Called Strike
1-2: Ball
2-2: Foul Ball, location: 2F
2-2: Foul Ball, location: 2F
2-2: Ball
3-2: Strikes out swinging
Batting: RHB Henry Mann 0-0: Foul Ball, location: 2F
0-1: Called Strike
0-2: Ball
1-2: Ball
2-2: Ground out 5-3 (Groundball, 56)
Top of the 4th over - 0 run(s), 0 hit(s), 0 error(s), 0 left on base; Hamilton 2 - Florida 3
BOTTOM OF THE 4TH
Florida Men batting - Pitching for Hamilton Coyotes : RHP Carlos Domínguez
Batting: RHB Gilberto Patino 0-0: Ball
1-0: Called Strike
1-1: Fly out, F8 (Flyball, 8RS)
Batting: RHB Lorenzo Díaz 0-0: Ball
1-0: Foul Ball, location: 2F
1-1: Swinging Strike
1-2: Ball
2-2: SINGLE (Line Drive, 34D)
Batting: RHB Jim Unknown 0-0: Ball
1-0: Ball
2-0: SINGLE (Line Drive, 7S)
Lorenzo Díaz to second
Batting: RHB Mesa Altuve 0-0: Called Strike
0-1: SINGLE (Groundball, 4MD)
Lorenzo Díaz to third
Jim Unknown to second
Batting: LHB Jim Unknown 0-0: DOUBLE (Flyball, 78XD)
Lorenzo Díaz scores
Jim Unknown scores
Mesa Altuve to third
Batting: SHB Luis Gutiérrez 0-0: Called Strike
0-1: Ball
1-1: Ball
2-1: Ground out 6-3 (Groundball, 6M)
Mesa Altuve scores
Jim Unknown to third
Batting: RHB Israel Sanders 0-0: Ball
1-0: Ball
2-0: Swinging Strike
2-1: Fly out, F3 (Popup, 3L)
Bottom of the 4th over - 3 run(s), 4 hit(s), 0 error(s), 1 left on base; Hamilton 2 - Florida 6
TOP OF THE 5TH
Hamilton Coyotes batting - Pitching for Florida Men : RHP Brian Scalabrine
Batting: RHB Rodrigo Pagán 0-0: Fly out, F9 (Flyball, 9S)
Batting: RHB Alfredo Cardenas 0-0: Called Strike
0-1: Called Strike
0-2: Ground out 5-3 (Groundball, 56)
Batting: RHB Vincente Fuentes 0-0: Foul Ball, location: 2F
0-1: SINGLE (Groundball, 56D)
Batting: SHB Martín Marrero 0-0: Ball
1-0: Called Strike
1-1: Ball
2-1: Ball
3-1: Base on Balls
Vincente Fuentes to second
Batting: LHB Ruben Yim 0-0: Ball
1-0: Called Strike
1-1: Called Strike
1-2: Strikes out swinging
Top of the 5th over - 0 run(s), 1 hit(s), 0 error(s), 2 left on base; Hamilton 2 - Florida 6
BOTTOM OF THE 5TH
Florida Men batting - Pitching for Hamilton Coyotes : RHP Carlos Domínguez
Batting: RHB Al Thomas 0-0: Ball
1-0: Called Strike
1-1: SINGLE (Groundball, 15S) (infield hit)
Pitching: RHP King Fletcher
Batting: LHB Bastyão Lizardo 0-0: Ball
1-0: Ball
2-0: Fly out, F5 (Popup, 5)
Batting: RHB Gilberto Patino 0-0: Ball
1-0: Ball
2-0: SINGLE (Flyball, 4MD)
Al Thomas to second
Batting: RHB Lorenzo Díaz 0-0: Called Strike
0-1: Foul Ball, location: 2F
0-2: Ball
1-2: SINGLE (Groundball, 4MD)
Al Thomas to third
Gilberto Patino to second
Runner from 3rd tries for Home, SAFE, throw made home
Batting: RHB Jim Unknown 0-0: Fly out, F4 (Flyball, 34D)
Batting: RHB Mesa Altuve 0-0: Ball
1-0: Fly out, F7 (Flyball, 78XD)
Bottom of the 5th over - 1 run(s), 3 hit(s), 0 error(s), 2 left on base; Hamilton 2 - Florida 7
TOP OF THE 6TH
Hamilton Coyotes batting - Pitching for Florida Men : RHP Brian Scalabrine
Batting: RHB Monty Sharp 0-0: Ball
1-0: Ball
2-0: Called Strike
2-1: Foul Ball, location: 2F
2-2: Foul Ball, location: 2F
2-2: Ball
3-2: Foul Ball, location: 2F
3-2: Foul Ball, location: 2F
3-2: Strikes out looking
Batting: LHB Manuel Sánchez 0-0: Ball
1-0: Fly out, F8 (Flyball, 89M)
Batting: RHB Jon Erickson 0-0: Ball
1-0: Ball
2-0: Ball
3-0: Base on Balls
Batting: RHB Henry Mann 0-0: Ball
1-0: Foul Ball, location: 2F
1-1: Swinging Strike
1-2: Foul Ball, location: 2F
1-2: Ball
2-2: Foul Ball, location: 2F
2-2: Ball
3-2: Base on Balls
Jon Erickson to second
Batting: RHB Rodrigo Pagán 0-0: Ball
1-0: Ball
2-0: Foul Ball, location: 2F
2-1: Ball
3-1: Fly out, F8 (Flyball, 89M)
Top of the 6th over - 0 run(s), 0 hit(s), 0 error(s), 2 left on base; Hamilton 2 - Florida 7
BOTTOM OF THE 6TH
Florida Men batting - Pitching for Hamilton Coyotes : RHP King Fletcher
Batting: LHB Jim Unknown 0-0: SINGLE (Flyball, 6MD)
Batting: SHB Luis Gutiérrez 0-0: Ball
1-0: Called Strike
1-1: Swinging Strike
1-2: Ball
2-2: Ball
3-2: Fly out, F7 (Flyball, 7D)
Batting: RHB Israel Sanders 0-0: Ball
1-0: Foul Ball, location: 2F
1-1: Ball
2-1: Ball
Wild Pitch!
Jim Unknown to second
3-1: Called Strike
3-2: SINGLE (Groundball, 56D)
Jim Unknown to third
Batting: RHB Al Thomas 0-0: Called Strike
0-1: Ball
1-1: Fly out, F8 (Flyball, 8RM)
Runner from 3rd tags up, SCORES, throw made
Batting: LHB Bastyão Lizardo 0-0: Ball
1-0: SINGLE (Groundball, 34D)
Israel Sanders to second
Runner from 2nd tries for 3rd, SAFE, no throw
Batting: RHB Gilberto Patino 0-0: Called Strike
0-1: Ball
1-1: Fly out, F6 (Line Drive, 6MD)
Bottom of the 6th over - 1 run(s), 3 hit(s), 0 error(s), 2 left on base; Hamilton 2 - Florida 8
TOP OF THE 7TH
Hamilton Coyotes batting - Pitching for Florida Men : RHP Brian Scalabrine
Batting: RHB Alfredo Cardenas 0-0: Swinging Strike
0-1: Ground out 6-3 (Groundball, 56)
Batting: RHB Vincente Fuentes 0-0: Ball
1-0: Ball
2-0: Foul Ball, location: 2F
2-1: Swinging Strike
2-2: Foul Ball, location: 2F
2-2: Foul Ball, location: 2F
2-2: Ball
3-2: Foul Ball, location: 2F
3-2: Foul Ball, location: 2F
3-2: Base on Balls
Pitching: RHP Pompeyo Davalillo
Batting: SHB Martín Marrero 0-0: Ball
1-0: Ball
2-0: Ball
3-0: Called Strike
3-1: Foul Ball, location: 2F
3-2: Base on Balls
Vincente Fuentes to second
Batting: LHB Ruben Yim 0-0: Foul Ball, location: 2F
0-1: Swinging Strike
0-2: Foul Ball, location: 2F
0-2: Ball
1-2: Ball
2-2: Strikes out swinging
Batting: RHB Monty Sharp 0-0: Foul Ball, location: 2F
0-1: Ball
1-1: Called Strike
1-2: Foul Ball, location: 2F
1-2: Ball
2-2: Strikes out swinging
Top of the 7th over - 0 run(s), 0 hit(s), 0 error(s), 2 left on base; Hamilton 2 - Florida 8
BOTTOM OF THE 7TH
Florida Men batting - Pitching for Hamilton Coyotes : RHP King Fletcher
Batting: RHB Lorenzo Díaz 0-0: Ball
1-0: Fly out, F8 (Line Drive, 8RM)
Batting: RHB Jim Unknown 0-0: Ball
1-0: Ball
2-0: Foul Ball, location: 2F
2-1: Fly out, F7 (Line Drive, 78XD)
Batting: RHB Mesa Altuve 0-0: Ball
1-0: Fly out, F9 (Line Drive, 9)
Bottom of the 7th over - 0 run(s), 0 hit(s), 0 error(s), 0 left on base; Hamilton 2 - Florida 8
TOP OF THE 8TH
Hamilton Coyotes batting - Pitching for Florida Men : RHP Pompeyo Davalillo
Batting: LHB Manuel Sánchez 0-0: Ball
1-0: Ground out 4-3 (Groundball, 4)
Batting: RHB Jon Erickson 0-0: Ball
1-0: Swinging Strike
1-1: Ball
2-1: Ball
3-1: Base on Balls
Batting: RHB Henry Mann 0-0: Ball
1-0: Called Strike
1-1: Foul Ball, location: 2F
1-2: Strikes out swinging
Batting: RHB Rodrigo Pagán 0-0: Called Strike
0-1: Called Strike
0-2: Ball
1-2: Strikes out looking
Top of the 8th over - 0 run(s), 0 hit(s), 0 error(s), 1 left on base; Hamilton 2 - Florida 8
BOTTOM OF THE 8TH
Florida Men batting - Pitching for Hamilton Coyotes : RHP King Fletcher
Batting: LHB Jim Unknown 0-0: Fly out, F7 (Flyball, 78D)
Batting: SHB Luis Gutiérrez 0-0: Foul Ball, location: 2F
0-1: Foul Ball, location: 2F
0-2: Ball
1-2: Strikes out swinging, 2-3 out at first.
Batting: RHB Israel Sanders 0-0: Ball
1-0: Called Strike
1-1: Ball
2-1: Called Strike
2-2: Fly out, F7 (Line Drive, 7)
Bottom of the 8th over - 0 run(s), 0 hit(s), 0 error(s), 0 left on base; Hamilton 2 - Florida 8
TOP OF THE 9TH
Hamilton Coyotes batting - Pitching for Florida Men : RHP Pompeyo Davalillo
Batting: RHB Alfredo Cardenas 0-0: Ball
1-0: Called Strike
1-1: Foul Ball, location: 2F
1-2: Foul Ball, location: 2F
1-2: Strikes out looking
Batting: RHB Vincente Fuentes 0-0: Ball
1-0: Ball
2-0: Foul Ball, location: 2F
2-1: Called Strike
2-2: Strikes out swinging
Batting: SHB Martín Marrero 0-0: Called Strike
0-1: Ball
1-1: Ball
2-1: Ball
3-1: Base on Balls
Batting: LHB Ruben Yim 0-0: Foul Ball, location: 2F
0-1: 2-RUN HOME RUN (Flyball, 89XD), Distance : 422 ft
Batting: RHB Monty Sharp 0-0: Called Strike
0-1: Ball
1-1: Foul Ball, location: 2F
1-2: Foul Ball, location: 2F
1-2: Ball
2-2: Ball
3-2: Base on Balls
Batting: LHB Manuel Sánchez 0-0: Ball
1-0: Called Strike
1-1: Ball
2-1: SINGLE (Line Drive, 7S)
Monty Sharp to second
Pitching: RHP Floyd Cotton
Batting: RHB Jon Erickson 0-0: Ball
1-0: Swinging Strike
1-1: Foul Ball, location: 2F
1-2: Ground out 4-3 (Groundball, 4MS)
Top of the 9th over - 2 run(s), 2 hit(s), 0 error(s), 2 left on base; Hamilton 4 - Florida 8
Saturday, May 26th, 2018 - OOTP Baseball 17.12 Build 75